 Dungeon Sprint DCSS version 0.17-a0-1968-g88670c1 (webtiles) character file.

147000 pipel the Stormcaller (level 16, -14/127 HPs)
             Began as an Octopode Air Elementalist on Sept 30, 2015.
             Was the Champion of Vehumet.
             Demolished by Mennas
             ... wielding a +3 long sword of holy wrath
              (28 damage)
             ... in the Dungeon (Sprint IX: "|||||||||||||||||||||||||||||") on Oct 4, 2015.
             The game lasted 01:07:58 (4850 turns).

pipel the Stormcaller (Octopode Air Elementalist)   Turns: 4850, Time: 01:07:58

Health: -14/127    AC:  6    Str: 16    XL:     16   Next: 32%
Magic:  7/38       EV: 42    Int: 28    God:    Vehumet [******]
Gold:   829        SH: 10    Dex: 28    Spells: 10 memorised, 6 levels left

rFire  + + .     SeeInvis +     a - +9 eveningstar (protect)
rCold  . . .     Clarity  .     (no shield)
rNeg   . . .     SustAt   .     (helmet restricted)
rPois  +         Gourm    .     (no amulet)
rElec  .         Spirit   .     o - +3 ring of strength
rCorr  .         Warding  .     p - +3 ring of dexterity
rMut   .         NoTele   +     C - ring of protection from fire
MR     +....                    D - ring of see invisible
Stlth  ++........               E - ring of protection from fire
                                K - +4 ring of evasion
                                I - +6 ring of dexterity
                                J - +6 ring of intelligence

@: mighty, agile, icy shield, very slightly contaminated, glowing, silenced,
repel missiles, somewhat resistant to hostile enchantments, unstealthy
A: almost no armour, amphibious, 8 rings, constrict 8, camouflage 1, sense
surroundings 1, poison resistance, gelatinous body 1
a: Renounce Religion
}: 3/15 runes: decaying, barnacled, gossamer


You were in the Dungeon.
You worshipped Vehumet.
Vehumet was exalted by your worship.
You were full.

You visited 1 branch You collected 1945 gold pieces.
You spent 1116 gold pieces at shops.

Inventory:

Hand weapons
 a - a +9 eveningstar of protection (weapon)
 d - a +4 quarterstaff of protection
 y - a +5 blowgun
 F - the cursed +0 flail "Puskoif" {crush, *Drain rC+ rN+ MP+9}
   (You found it in the Dungeon)

   It inflicts extra damage upon your enemies.
   It protects you from cold.
   It protects you from negative energy.
   It affects your magic capacity (+9).
   It causes draining when unequipped.
   It has a curse placed upon it.
Magical staves
 b - an uncursed staff of energy
Jewellery
 o - a +3 ring of strength (left tentacle)
 p - a +3 ring of dexterity (right tentacle)
 w - an uncursed ring of wizardry
 B - a +6 ring of strength
 C - a ring of protection from fire (on tentacle)
 D - a ring of see invisible (on tentacle)
 E - a ring of protection from fire (on tentacle)
 I - a +6 ring of dexterity (on tentacle)
 J - a +6 ring of intelligence (on tentacle)
 K - a +4 ring of evasion (on tentacle)
Magical devices
 l - a wand of fire (2)
Scrolls
 h - 2 scrolls of blinking
 j - 5 scrolls of remove curse
 k - 3 scrolls of amnesia
 t - 2 scrolls of fog
 u - 3 scrolls of enchant weapon
 v - 9 scrolls of identify
 A - 5 scrolls of enchant armour
 M - a scroll of fear
Potions
 c - a potion of invisibility
 e - a potion of cure mutation
 f - 3 potions of magic
 g - 4 potions of curing
 i - 3 potions of brilliance
 q - 3 potions of heal wounds
 H - a potion of might
 L - a potion of resistance
Books
 n - a book of Air

   Spells                             Type                      Level
   a - Shock                          Conjuration/Air              1
   b - Swiftness                      Charms/Air                   2
   c - Repel Missiles                 Charms/Air                   2
   d - Static Discharge               Conjuration/Air              3
   e - Lightning Bolt                 Conjuration/Air              5
 s - Ozocubu's Collected Works on Ice
   (You found it in the Dungeon)

   Spells                             Type                      Level
   a - Freeze                         Ice                          1
   b - Ensorcelled Hibernation        Hexes/Ice                    2
   c - Condensation Shield            Ice                          4
   d - Ice Form                       Ice/Transmutation            4
Comestibles
 m - 10 bread rations
 x - 40 fruits
 z - 10 meat rations


   Skills:
 + Level 17.6 Fighting
 + Level 17.7 Dodging
 - Level 2.6 Stealth
 - Level 18.2 Spellcasting
 + Level 19.8 Conjurations
 - Level 16.9 Ice Magic
 + Level 20.0 Air Magic
 + Level 13.7 Evocations


You had 6 spell levels left.
You knew the following spells:

 Your Spells              Type           Power        Failure   Level  Hunger
a - Shock                 Conj/Air       ####         0%          1    None
b - Lightning Bolt        Conj/Air       #######...   0%          5    None
c - Chain Lightning       Conj/Air       #######...   1%          8    ######.
d - Static Discharge      Conj/Air       #######.     0%          3    None
e - Repel Missiles        Chrm/Air       ######       1%          2    None
f - Freezing Cloud        Conj/Ice/Air   #######...   1%          6    ##.....
g - Iskenderun's Battles  Conj/Chrm      ######..     1%          5    None
h - Ice Form              Ice/Trmt       ######..     1%          4    None
o - Orb of Destruction    Conj           #######...   1%          7    ####...
s - Condensation Shield   Ice            #######...   1%          4    None


Dungeon Overview and Level Annotations

Branches:
Dungeon (1/1)

Altars:
Cheibriados
Dithmenos
Elyvilon
Fedhas
Gozag
Kikubaaqudgha
Makhleb
Nemelex Xobeh
Okawaru
Qazlal
Ru
Sif Muna
Trog
Vehumet
Xom
Yredelemnul
Zin
The Shining One
Beogh
Jiyva
Lugonu

Shops:
D [(?[

Annotations:
D Mennas


Innate Abilities, Weirdness & Mutations

You cannot wear most types of armour.
You are amphibious.
You can wear up to eight rings at the same time.
You can use your tentacles to constrict eight enemies at once.
Your skin changes colour to match your surroundings (Stealth).
Your rubbery body absorbs attacks (AC +1).
You passively map a small area around you.
Your system is resistant to poisons.


Message History

You now have 11/38 mp.
Mennas blocks your orb of destruction.
Your orb of destruction dissipates.
Casting: Orb of Destruction
Confirm with . or Enter, or press ? or * to list all spells.
Aiming: Orb of Destruction
Press: ? - help, Shift-Dir - straight line, f/p - Mennas
Aim: Mennas, wielding a long sword of holy wrath and wearing a large shield (moderately wounded, haloed)
You now have 4/38 mp.
Mennas blocks your orb of destruction.
Your orb of destruction dissipates.
Mennas gestures frantically.
Mennas's surroundings become eerily quiet.
Drink which item? (? for menu, Esc to quit)
Okay, then.
Unknown command.
Evoke which item? (* to show all) (? for menu, Esc to quit)
Okay, then.
Mennas hits you with a long sword of holy wrath!!
You die...

,*,*,*,*,*,*,▓.▓.▓.▓'▓.▓.▓.▓.▓.▓.
,*,*,*,*,*,*,▓.▓.▓.▓.▓.▓'▓.▓.▓.▓'
,*,*,*,*,*,*,▓.▓.▓.▓.▓.▓.▓.▓.▓.▓.
,*,*,*,*,*,*,▓.▓.▓.▓.▓.▓.▓.▓.▓.▓.
,*,*,*,*+*,*,▓.▓.▓.▓.▓.▓.▓.▓.▓.▓.
,*,*,*,*,*,*,▓.▓.▓.▓.▓.▓.▓.▓.▓.▓.
,*,*+*,*,*,*,▓.▓'▓.▓.▓.▓.▓.▓.▓.▓.
,*,*,*,*,*,*+▓.▓.▓.▓.▓.▓.▓.▓.▓.▓.
+*,*,*,*,*,*,▓.▓@▓.▓.▓.▓.▓.▓.▓.▓.
,*,*,*,*,*,*,▓.▓A▓.▓.▓.▓.▓.▓.▓.▓.
,*,,,*,,,*,,,▓...▓...▓...▓...▓...
*************▓▓▓▓▓▓▓▓▓▓▓▓▓▓▓▓▓▓▓▓


You could see Mennas.

Vanquished Creatures
  Norris (D)
  Jory (D)
  Xtahua (D)
  A lich (D)
  A thorn hunter (D)
  Ilsuiw (D)
  7 greater nagas (D)
  A ghost moth (D)
  3 emperor scorpions (D)
  3 frost giants (D)
  An ironheart preserver (D)
  2 stone giants (D)
  A merfolk javelineer (D)
  An ettin (D)
  2 fire dragons (D)
  5 merfolk impalers (D)
  8 hydras (D)
  2 naga warriors (D)
  An ice dragon (D)
  2 anacondas (D)
  A merfolk avatar (D)
  3 ogre magi (D)
  7 merfolk aquamancers (D)
  An anaconda (shapeshifter) (D)
  2 centaur warriors (D)
  2 deep troll shamans (D)
  An alligator (D)
  A rakshasa (D)
  A deep troll earth mage (D)
  A vampire mage (D)
  A spriggan berserker (D)
  A deep elf knight (D)
  A deep troll (shapeshifter) (D)
  4 giant orange brains (D)
  5 deep trolls (D)
  A spriggan druid (D)
  2 unseen horrors (D)
  A necromancer (D)
  6 orc knights (D)
  A naga ritualist (D)
  7 swamp dragons (D)
  4 hill giants (D)
  A griffon (D)
  3 ironbrand convokers (D)
  A manticore (D)
  An orb spider (D)
  6 wolf spiders (D)
  5 ugly things (D)
  A cyclops (D)
  3 moths of wrath (D)
  A vault sentinel (D)
  2 guardian serpents (D)
  3 naga magi (D)
  A siren (D)
  Joseph (D)
  A spiny frog (D)
  3 komodo dragons (D)
  An efreet (D)
  2 kobold demonologists (D)
  A yaktaur (D)
  A demonic crawler (D)
  A fire drake (D)
  A tengu conjurer (D)
  2 polar bears (D)
  3 trolls (D)
  A slime creature (D)
  2 jumping spiders (D)
  A two-headed ogre (D)
  3 merfolk (D)
  A boulder beetle (D)
  A bog body (D)
  2 trapdoor spiders (D)
  A spriggan (D)
  A snapping turtle (D)
  A blink frog (D)
  2 tarantellas (D)
  2 redbacks (D)
  A vampire mosquito (D)
  A mottled dragon (D)
  3 porcupines (D)
  4 nagas (D)
  2 water moccasins (D)
  9 orc warriors (D)
  6 black bears (D)
  A spider (D)
  A centaur (shapeshifter) (D)
  A wasp (D)
  3 crocodiles (D)
  5 giant frogs (D)
  A crimson imp (D)
  3 orc priests (D)
  2 worker ants (D)
  4 orc wizards (D)
  A sheep (D)
  An adder (D)
  A river rat (D)
  A shadow imp (D)
  An adder zombie (D)
  A giant gecko (D)
  8 orcs (D)
  A bat (D)
  A bat skeleton (D)
  A bat zombie (D)
  A hobgoblin (D)
  2 jackals (D)
  A ball python (D)
  A quokka skeleton (D)
231 creatures vanquished.

Vanquished Creatures (others)
  A very ugly thing (D)
  A griffon (D)
  A salamander (D)
3 creatures vanquished.

Grand Total: 234 creatures vanquished

Notes
Turn   | Place    | Note
--------------------------------------------------------------
     0 | D        | pipel the Octopode Air Elementalist began the quest for the Orb.
     0 | D        | Reached XP level 1. HP: 11/11 MP: 3/3
    18 | D        | Reached XP level 2. HP: 12/17 MP: 0/6
   112 | D        | Noticed a worker ant
   112 | D        | Noticed a worker ant
   112 | D        | Noticed a crimson imp
   118 | D        | Reached skill level 4 in Spellcasting
   123 | D        | Killed a worker ant
   123 | D        | Reached skill level 5 in Spellcasting
   123 | D        | Reached XP level 3. HP: 14/21 MP: 0/9
   125 | D        | Killed a worker ant
   125 | D        | Reached XP level 4. HP: 15/27 MP: 0/11
   150 | D        | Killed a crimson imp
   150 | D        | Reached skill level 6 in Spellcasting
   150 | D        | Reached skill level 5 in Air Magic
   151 | D        | Found a glowing silver altar of Zin.
   151 | D        | Found a glowing golden altar of the Shining One.
   151 | D        | Found an ancient bone altar of Kikubaaqudgha.
   151 | D        | Found a basalt altar of Yredelemnul.
   151 | D        | Found a shimmering altar of Xom.
   151 | D        | Found a radiant altar of Vehumet.
   152 | D        | Found an iron altar of Okawaru.
   153 | D        | Found a burning altar of Makhleb.
   154 | D        | Found a deep blue altar of Sif Muna.
   155 | D        | Found a bloodstained altar of Trog.
   156 | D        | Found a sparkling altar of Nemelex Xobeh.
   157 | D        | Found a white marble altar of Elyvilon.
   158 | D        | Found a roughly hewn altar of Beogh.
   159 | D        | Became a worshipper of Vehumet
   160 | D        | Found a viscous altar of Jiyva.
   161 | D        | Found a corrupted altar of Lugonu.
   162 | D        | Found a blossoming altar of Fedhas.
   163 | D        | Found a snail-covered altar of Cheibriados.
   164 | D        | Found a shadowy altar of Dithmenos.
   165 | D        | Found a stormy altar of Qazlal.
   166 | D        | Found an opulent altar of Gozag.
   167 | D        | Found a sacrificial altar of Ru.
   389 | D        | Noticed a two-headed ogre
   389 | D        | Noticed a giant frog
   391 | D        | Killed a giant frog
   391 | D        | Reached skill level 7 in Spellcasting
   391 | D        | Reached XP level 5. HP: 31/31 MP: 12/14
   392 | D        | Killed a two-headed ogre
   392 | D        | Reached skill level 9 in Spellcasting
   392 | D        | Reached XP level 6. HP: 8/36 MP: 13/18
   392 | D        | Acquired Vehumet's first power
   392 | D        | Offered knowledge of Sting by Vehumet.
   395 | D        | Killed an unseen horror
   395 | D        | Reached skill level 11 in Spellcasting
   395 | D        | Reached XP level 7. HP: 11/41 MP: 13/21
   395 | D        | Reached XP level 8. HP: 12/46 MP: 14/23
   402 | D        | Killed an unseen horror
   402 | D        | Reached skill level 12 in Spellcasting
   418 | D        | Learned a level 5 spell: Lightning Bolt
   427 | D        | Noticed a giant frog
   427 | D        | Noticed a kobold demonologist
   427 | D        | Noticed an efreet
   427 | D        | Noticed a giant frog
   427 | D        | Noticed a hill giant
   428 | D        | Killed a giant frog
   428 | D        | Killed a giant frog
   429 | D        | Killed a kobold demonologist
   429 | D        | Reached skill level 10 in Air Magic
   429 | D        | Reached XP level 9. HP: 36/51 MP: 20/25
   429 | D        | Killed an efreet
   429 | D        | Acquired Vehumet's second power
   429 | D        | Reached skill level 13 in Spellcasting
   429 | D        | Reached skill level 10 in Conjurations
   430 | D        | Killed a hill giant
   534 | D        | Identified Ozocubu's Collected Works on Ice (You found it in the Dungeon)
   552 | D        | Learned a level 4 spell: Condensation Shield
   556 | D        | Learned a level 3 spell: Static Discharge
   556 | D        | Noticed a water moccasin
   556 | D        | Noticed a crocodile
   556 | D        | Noticed a five-headed hydra
   556 | D        | Noticed a giant frog
   556 | D        | Noticed a komodo dragon
   556 | D        | Noticed a fire drake
   557 | D        | Killed a giant frog
   557 | D        | Offered knowledge of Magic Dart by Vehumet.
   558 | D        | Noticed a giant frog
   558 | D        | Killed a water moccasin
   558 | D        | Acquired Vehumet's third power
   558 | D        | Killed a crocodile
   559 | D        | Killed a five-headed hydra
   559 | D        | Reached XP level 10. HP: 56/56 MP: 16/27
   559 | D        | Killed a fire drake
   560 | D        | Noticed a komodo dragon
   560 | D        | Killed a komodo dragon
   560 | D        | Killed a giant frog
   562 | D        | Noticed a crocodile
   565 | D        | Killed a komodo dragon
   565 | D        | Reached skill level 14 in Spellcasting
   565 | D        | Killed a crocodile
   605 | D        | Noticed a crocodile
   605 | D        | Noticed a porcupine
   605 | D        | Noticed a komodo dragon
   605 | D        | Noticed a porcupine
   605 | D        | Noticed a porcupine
   606 | D        | Killed a porcupine
   607 | D        | Killed a crocodile
   607 | D        | Killed a porcupine
   607 | D        | Killed a komodo dragon
   607 | D        | Reached skill level 5 in Dodging
   607 | D        | Killed a porcupine
   608 | D        | Noticed a water moccasin
   609 | D        | Noticed a spiny frog
   611 | D        | Killed a water moccasin
   611 | D        | Reached skill level 5 in Fighting
   612 | D        | Killed a spiny frog
   646 | D        | Noticed a black bear
   646 | D        | Noticed a black bear
   646 | D        | Noticed a polar bear
   646 | D        | Noticed a polar bear
   646 | D        | Noticed a black bear
   646 | D        | Noticed a black bear
   647 | D        | Noticed a black bear
   649 | D        | Killed a black bear
   650 | D        | Killed a black bear
   650 | D        | Reached skill level 1 in Evocations
   650 | D        | Killed a black bear
   650 | D        | Killed a black bear
   651 | D        | Noticed a black bear
   651 | D        | Killed a polar bear
   651 | D        | Killed a polar bear
   652 | D        | Killed a black bear
   652 | D        | Killed a black bear
   775 | D        | Noticed an orc priest
   775 | D        | Noticed an orc priest
   775 | D        | Noticed an orc wizard
   777 | D        | Offered knowledge of Mephitic Cloud by Vehumet.
   777 | D        | Killed an orc priest
   777 | D        | Killed an orc wizard
   778 | D        | Noticed an orc wizard
   779 | D        | Killed an orc priest
   780 | D        | Noticed an orc priest
   781 | D        | Killed an orc wizard
   783 | D        | Noticed an orc warrior
   784 | D        | Killed an orc priest
   784 | D        | Killed an orc warrior
   784 | D        | Reached XP level 11. HP: 74/74 MP: 9/29
   785 | D        | Noticed an orc wizard
   795 | D        | Killed an orc wizard
   840 | D        | Noticed an orc knight
   840 | D        | Noticed an orc warrior
   840 | D        | Noticed an orc wizard
   840 | D        | Noticed an orc warrior
   840 | D        | Noticed an orc knight
   840 | D        | Noticed an orc warrior
   841 | D        | Killed an orc wizard
   841 | D        | Killed an orc warrior
   842 | D        | Noticed an orc warrior
   842 | D        | Killed an orc warrior
   843 | D        | Killed an orc warrior
   844 | D        | Noticed an orc warrior
   844 | D        | Killed an orc knight
   844 | D        | Reached skill level 15 in Spellcasting
   844 | D        | Reached skill level 5 in Evocations
   845 | D        | Killed an orc warrior
   845 | D        | Killed an orc warrior
   846 | D        | Killed an orc knight
   847 | D        | Noticed an orc warrior
   879 | D        | Killed an orc warrior
   899 | D        | Noticed an orc knight
   905 | D        | Killed an orc knight
   910 | D        | Offered knowledge of Force Lance by Vehumet.
   965 | D        | Found Yrhuqol's Antique Armour Emporium.
   965 | D        | Noticed a deep troll
   965 | D        | Noticed a deep troll
   965 | D        | Noticed a hill giant
   965 | D        | Noticed a deep troll
   965 | D        | Noticed a deep troll
   966 | D        | Noticed a hill giant
   967 | D        | Killed a hill giant
   968 | D        | Killed a deep troll
   968 | D        | Killed a deep troll
   969 | D        | Killed a deep troll
   969 | D        | Killed a hill giant
   969 | D        | Reached skill level 10 in Dodging
   970 | D        | Noticed an ogre mage
   971 | D        | Noticed a troll
   972 | D        | Killed a deep troll
   972 | D        | Reached skill level 10 in Fighting
   972 | D        | Reached skill level 16 in Spellcasting
   972 | D        | Killed an ogre mage
   973 | D        | Killed a troll
  1028 | D        | Noticed a troll
  1032 | D        | Killed a troll
  1052 | D        | Noticed an ogre mage
  1056 | D        | Noticed a deep troll
  1060 | D        | Killed an ogre mage
  1060 | D        | Offered knowledge of Throw Icicle by Vehumet.
  1060 | D        | Reached XP level 12. HP: 66/89 MP: 5/32
  1060 | D        | Killed a deep troll
  1094 | D        | Found Kaifovvi's Antique Weapon Shoppe.
  1098 | D        | Found Fifuyk's Magic Scroll Emporium.
  1100 | D        | Noticed a troll
  1102 | D        | Found Ycegah's Antique Armour Shoppe.
  1107 | D        | Killed a troll
  1108 | D        | Noticed an ogre mage
  1113 | D        | Killed an ogre mage
  1123 | D        | Learned a level 2 spell: Repel Missiles
  1124 | D        | Bought a scroll of magic mapping for 49 gold pieces
  1124 | D        | Bought a scroll of identify for 28 gold pieces
  1127 | D        | Bought a runed eveningstar for 375 gold pieces
  1127 | D        | Bought a glowing blowgun for 62 gold pieces
  1136 | D        | Bought a scroll of remove curse for 42 gold pieces
  1136 | D        | Bought a scroll of identify for 28 gold pieces
  1136 | D        | Bought a scroll of enchant armour for 105 gold pieces
  1136 | D        | Bought a scroll of identify for 28 gold pieces
  1136 | D        | Bought a scroll of enchant armour for 105 gold pieces
  1136 | D        | Bought 2 scrolls of identify for 56 gold pieces
  1136 | D        | Bought a scroll of amnesia for 49 gold pieces
  1136 | D        | Bought a scroll of identify for 28 gold pieces
  1136 | D        | Bought 2 scrolls of identify for 56 gold pieces
  1136 | D        | Bought a scroll of enchant armour for 105 gold pieces
  1178 | D        | Noticed Joseph
  1186 | D        | Killed Joseph
  1283 | D        | Got the cursed +0 flail "Puskoif" {crush, *Drain rC+ rN+ MP+9}
  1328 | D        | Noticed a kobold demonologist
  1328 | D        | Noticed an orc knight
  1328 | D        | Noticed an orc warrior
  1329 | D        | Noticed an orc knight
  1331 | D        | Killed a kobold demonologist
  1331 | D        | Offered knowledge of Fulminant Prism by Vehumet.
  1332 | D        | Killed an orc knight
  1332 | D        | Killed an orc knight
  1338 | D        | Killed an orc warrior
  1339 | D        | Noticed an orc warrior
  1345 | D        | Killed an orc warrior
  1346 | D        | Noticed a purple ugly thing
  1350 | D        | Noticed an ettin
  1351 | D        | Noticed a giant orange brain
  1354 | D        | Killed a purple ugly thing
  1354 | D        | Reached skill level 17 in Spellcasting
  1354 | D        | Killed an ettin
  1355 | D        | Noticed a tengu conjurer
  1355 | D        | Killed a giant orange brain
  1356 | D        | Killed a tengu conjurer
  1358 | D        | Noticed a deep troll shaman
  1359 | D        | Noticed a giant orange brain
  1362 | D        | Noticed a rakshasa
  1363 | D        | Killed a deep troll shaman
  1363 | D        | Killed a giant orange brain
  1366 | D        | Killed a rakshasa
  1380 | D        | Gained mutation: You are dopey. (Int -2) [mutagenic meat]
  1381 | D        | Gained mutation: You can spit weak poison. [mutagenic meat]
  1382 | D        | Gained mutation: You are weak. (Str -2) [mutagenic meat]
  1527 | D        | Learned a level 4 spell: Ice Form
  1535 | D        | Noticed a spriggan rider
  1535 | D        | Noticed a thorn hunter
  1535 | D        | Noticed a blink frog
  1535 | D        | Noticed a slime creature
  1535 | D        | Noticed a spriggan druid
  1535 | D        | Noticed a vampire mosquito
  1536 | D        | Noticed a bog body
  1539 | D        | Killed a spriggan
  1539 | D        | Offered knowledge of Bolt of Magma by Vehumet.
  1539 | D        | Killed a vampire mosquito
  1539 | D        | Killed a bog body
  1540 | D        | Noticed an alligator
  1541 | D        | Killed a wasp
  1541 | D        | Killed a slime creature
  1542 | D        | Killed a spriggan druid
  1543 | D        | Killed an alligator
  1547 | D        | Killed a blink frog
  1548 | D        | Killed a thorn hunter
  1548 | D        | Reached skill level 18 in Spellcasting
  1548 | D        | Reached XP level 13. HP: 12/101 MP: 3/35
  1553 | D        | Noticed a cyan ugly thing
  1567 | D        | Noticed an eight-headed hydra
  1568 | D        | Noticed a swamp dragon
  1577 | D        | Killed a green ugly thing
  1578 | D        | HP: 3/151 [eight-headed hydra[a spriggan druid] (6)]
  1584 | D        | Killed an eight-headed hydra
  1741 | D        | Killed a swamp dragon
  2049 | D        | Noticed a spider
  2049 | D        | Noticed a wolf spider
  2049 | D        | Noticed a tarantella
  2049 | D        | Noticed an orb spider
  2049 | D        | Noticed a tarantella
  2049 | D        | Noticed a trapdoor spider
  2051 | D        | Killed a tarantella
  2052 | D        | Killed a spider
  2052 | D        | Offered knowledge of Iskenderun's Battlesphere by Vehumet.
  2052 | D        | Killed a wolf spider
  2053 | D        | Noticed a demonic crawler
  2053 | D        | Killed an orb spider
  2053 | D        | Killed a tarantella
  2056 | D        | Noticed a trapdoor spider
  2057 | D        | Noticed a wolf spider
  2057 | D        | Killed a trapdoor spider
  2057 | D        | Killed a trapdoor spider
  2068 | D        | Killed a demonic crawler
  2069 | D        | Killed a wolf spider
  2088 | D        | Learned a level 5 spell: Iskenderun's Battlesphere
  2275 | D        | Noticed a merfolk avatar
  2275 | D        | Noticed a snapping turtle
  2275 | D        | Noticed a merfolk
  2275 | D        | Noticed a merfolk
  2275 | D        | Noticed a merfolk aquamancer
  2275 | D        | Noticed a merfolk aquamancer
  2280 | D        | Killed a merfolk aquamancer
  2280 | D        | Offered knowledge of Freezing Cloud by Vehumet.
  2281 | D        | Killed a snapping turtle
  2282 | D        | Noticed a manticore
  2282 | D        | Noticed a siren
  2282 | D        | Killed a merfolk
  2282 | D        | Killed a siren
  2284 | D        | Noticed a griffon
  2284 | D        | Killed a merfolk avatar
  2284 | D        | Killed a merfolk aquamancer
  2284 | D        | Killed a merfolk
  2284 | D        | Killed a manticore
  2288 | D        | Killed a griffon
  2318 | D        | Noticed a naga mage
  2318 | D        | Noticed a guardian serpent
  2318 | D        | Noticed a naga
  2318 | D        | Noticed an anaconda
  2318 | D        | Noticed a naga ritualist
  2318 | D        | Noticed a salamander
  2321 | D        | Killed an anaconda
  2321 | D        | Killed a naga ritualist
  2322 | D        | Noticed a greater naga
  2322 | D        | Killed a naga
  2323 | D        | Killed a naga mage
  2324 | D        | Killed a guardian serpent
  2325 | D        | Noticed an anaconda
  2328 | D        | Killed a greater naga
  2330 | D        | Noticed a guardian serpent
  2330 | D        | Killed an anaconda
  2331 | D        | Killed a salamander
  2333 | D        | Killed a guardian serpent
  2365 | D        | Learned a level 6 spell: Freezing Cloud
  2457 | D        | Noticed a deep troll earth mage
  2457 | D        | Noticed a lich
  2457 | D        | Noticed a green ugly thing
  2457 | D        | Noticed a vampire mage
  2457 | D        | Noticed a necromancer
  2457 | D        | Noticed an ice dragon
  2460 | D        | Killed a vampire mage
  2463 | D        | Killed a deep troll earth mage
  2465 | D        | Killed a lich
  2465 | D        | Reached skill level 10 in Ice Magic
  2465 | D        | Reached XP level 14. HP: 108/108 MP: 15/36
  2466 | D        | Killed a green ugly thing
  2466 | D        | Reached skill level 15 in Air Magic
  2466 | D        | Killed a necromancer
  2467 | D        | Noticed a giant orange brain
  2468 | D        | Killed an ice dragon
  2469 | D        | Noticed a fire dragon
  2551 | D        | Killed a giant orange brain
  2551 | D        | Offered knowledge of Iron Shot by Vehumet.
  2551 | D        | Reached skill level 15 in Conjurations
  2614 | D        | Killed a fire dragon
  2627 | D        | Noticed a fire dragon
  2643 | D        | Killed a fire dragon
  2690 | D        | Noticed a deep troll shaman
  2691 | D        | Killed a deep troll shaman
  2728 | D        | Noticed a spriggan berserker
  2730 | D        | Killed a spriggan berserker
  2732 | D        | Noticed a centaur warrior
  2738 | D        | Killed a centaur warrior
  2774 | D        | Noticed a frost giant
  2778 | D        | Noticed a stone giant
  2784 | D        | Noticed a giant orange brain
  2784 | D        | Killed a frost giant
  2785 | D        | Killed a stone giant
  2786 | D        | Killed a giant orange brain
  2786 | D        | Offered knowledge of Poisonous Cloud by Vehumet.
  2787 | D        | Noticed a frost giant
  2979 | D        | Killed a frost giant
  3134 | D        | Noticed a yaktaur
  3137 | D        | Killed a yaktaur
  3189 | D        | Noticed a frost giant
  3194 | D        | Killed a frost giant
  3228 | D        | Noticed a wolf spider
  3228 | D        | Noticed a hill giant
  3228 | D        | Noticed a centaur warrior
  3228 | D        | Noticed an ironbrand convoker
  3228 | D        | Noticed a cyclops
  3228 | D        | Noticed a mottled dragon
  3233 | D        | Killed a redback
  3234 | D        | Killed a wolf spider
  3234 | D        | Killed a hill giant
  3234 | D        | Killed an ironbrand convoker
  3234 | D        | Killed a cyclops
  3234 | D        | Killed a mottled dragon
  3234 | D        | Offered knowledge of Orb of Destruction by Vehumet.
  3235 | D        | Killed a centaur warrior
  3245 | D        | Learned a level 7 spell: Orb of Destruction
  3257 | D        | Noticed a white ugly thing
  3258 | D        | Killed a white ugly thing
  3259 | D        | Noticed an ironbrand convoker
  3259 | D        | Killed an ironbrand convoker
  3259 | D        | Reached skill level 15 in Ice Magic
  3262 | D        | Killed a green ugly thing
  3264 | D        | Killed an orc knight
  3273 | D        | Noticed a vault sentinel
  3276 | D        | Noticed an ironheart preserver
  3279 | D        | Killed a vault sentinel
  3280 | D        | Offered knowledge of Glaciate by Vehumet.
  3280 | D        | Offered knowledge of Chain Lightning by Vehumet.
  3280 | D        | Offered knowledge of Tornado by Vehumet.
  3283 | D        | Noticed a red very ugly thing
  3283 | D        | Killed an ironheart preserver
  3293 | D        | Noticed a boulder beetle
  3295 | D        | Noticed a griffon
  3303 | D        | Killed a red very ugly thing
  3306 | D        | Noticed a stone giant
  3306 | D        | Upgraded the game from 0.17-a0-1945-gfe993df to 0.17-a0-1968-g88670c1
  3307 | D        | Noticed an ironbrand convoker
  3309 | D        | Killed a griffon
  3453 | D        | Learned a level 8 spell: Chain Lightning
  3491 | D        | Killed a boulder beetle
  3502 | D        | Killed an ironbrand convoker
  3507 | D        | Killed a stone giant
  3551 | D        | Noticed a deep elf knight
  3554 | D        | Killed a deep elf knight
  3629 | D        | Noticed Jory
  3647 | D        | Killed Jory
  3647 | D        | Reached XP level 15. HP: 86/114 MP: 3/37
  3874 | D        | Noticed Norris
  3881 | D        | Killed Norris
  3933 | D        | Noticed Xtahua
  3938 | D        | Killed Xtahua
  3938 | D        | Reached skill level 15 in Dodging
  3968 | D        | Noticed a moth of wrath
  3968 | D        | Noticed an emperor scorpion
  3968 | D        | Noticed a jumping spider
  3968 | D        | Noticed a moth of wrath
  3968 | D        | Noticed a wolf spider
  3968 | D        | Noticed an emperor scorpion
  3970 | D        | Killed a moth of wrath
  3971 | D        | Killed a jumping spider
  3971 | D        | Reached skill level 15 in Fighting
  3972 | D        | Noticed a ghost moth
  3972 | D        | Killed a wolf spider
  3972 | D        | Killed a moth of wrath
  3972 | D        | Killed a wolf spider
  3973 | D        | Killed an emperor scorpion
  3973 | D        | Killed a moth of wrath
  3974 | D        | Killed a ghost moth
  3976 | D        | Killed an emperor scorpion
  3979 | D        | Noticed a jumping spider
  3979 | D        | Killed a jumping spider
  3980 | D        | Noticed an emperor scorpion
  3981 | D        | Noticed a redback
  3984 | D        | Killed a redback
  3985 | D        | Killed an emperor scorpion
  3989 | D        | Noticed a wolf spider
  3991 | D        | Killed a wolf spider
  4017 | D        | Gained mutation: Scrolls take you a little longer to read. [mutagenic meat]
  4019 | D        | Gained mutation: You passively map a small area around you. [mutagenic meat]
  4020 | D        | Gained mutation: Your system is resistant to poisons. [mutagenic meat]
  4022 | D        | Gained mutation: You expend magic power (3 MP) to strengthen your wands. [mutagenic meat]
  4023 | D        | Lost mutation: You expend magic power (3 MP) to strengthen your wands. [potion of cure mutation]
  4023 | D        | Lost mutation: Scrolls take you a little longer to read. [potion of cure mutation]
  4023 | D        | Lost mutation: You are weak. (Str -2) [potion of cure mutation]
  4023 | D        | Lost mutation: You can spit weak poison. [potion of cure mutation]
  4023 | D        | Lost mutation: You are dopey. (Int -2) [potion of cure mutation]
  4027 | D        | Got a gossamer rune of Zot
  4037 | D        | Noticed an eight-headed hydra
  4037 | D        | Noticed a swamp dragon
  4037 | D        | Noticed a five-headed hydra
  4037 | D        | Noticed a swamp dragon
  4037 | D        | Noticed a six-headed hydra
  4040 | D        | Noticed an eight-headed hydra
  4040 | D        | Killed an eight-headed hydra
  4040 | D        | Reached skill level 10 in Evocations
  4041 | D        | Noticed a swamp dragon
  4042 | D        | Killed a swamp dragon
  4042 | D        | Killed a five-headed hydra
  4042 | D        | Killed a swamp dragon
  4043 | D        | Killed a six-headed hydra
  4044 | D        | Killed an eight-headed hydra
  4045 | D        | Killed an eight-headed hydra
  4045 | D        | Killed a four-headed hydra
  4047 | D        | Killed a swamp dragon
  4058 | D        | Noticed a swamp dragon
  4060 | D        | Killed a swamp dragon
  4061 | D        | Noticed a swamp dragon
  4062 | D        | Noticed a swamp dragon
  4064 | D        | Killed a swamp dragon
  4068 | D        | Killed a swamp dragon
  4097 | D        | Got a decaying rune of Zot
  4380 | D        | Noticed a greater naga
  4380 | D        | Noticed a greater naga
  4380 | D        | Noticed a greater naga
  4380 | D        | Noticed a naga warrior
  4380 | D        | Noticed a naga mage
  4380 | D        | Noticed a naga
  4382 | D        | Noticed a greater naga
  4383 | D        | Killed a naga
  4384 | D        | Noticed a greater naga
  4385 | D        | Killed a greater naga
  4385 | D        | Killed a naga mage
  4385 | D        | Killed a greater naga
  4385 | D        | Reached skill level 19 in Air Magic
  4386 | D        | Killed a greater naga
  4386 | D        | Killed a greater naga
  4386 | D        | Killed a naga warrior
  4393 | D        | Killed a greater naga
  4393 | D        | Reached XP level 16. HP: 97/125 MP: 33/38
  4401 | D        | Noticed a naga warrior
  4405 | D        | Killed a naga
  4406 | D        | Killed a naga warrior
  4406 | D        | Killed a naga
  4407 | D        | Killed a naga mage
  4408 | D        | Noticed a greater naga
  4411 | D        | Killed a greater naga
  4445 | D        | Noticed a merfolk aquamancer
  4445 | D        | Noticed a merfolk impaler
  4445 | D        | Noticed a merfolk impaler
  4445 | D        | Noticed a merfolk aquamancer
  4445 | D        | Noticed a merfolk impaler
  4445 | D        | Noticed a merfolk javelineer
  4447 | D        | Killed a merfolk aquamancer
  4449 | D        | Noticed a merfolk aquamancer
  4449 | D        | Killed a merfolk aquamancer
  4449 | D        | Killed a merfolk javelineer
  4449 | D        | Killed a merfolk impaler
  4451 | D        | Killed a merfolk aquamancer
  4452 | D        | Killed a merfolk impaler
  4452 | D        | Killed a merfolk impaler
  4453 | D        | Noticed a merfolk aquamancer
  4454 | D        | Noticed Ilsuiw
  4454 | D        | Killed a merfolk aquamancer
  4461 | D        | Killed Ilsuiw
  4470 | D        | Noticed a merfolk aquamancer
  4472 | D        | Killed a merfolk aquamancer
  4501 | D        | Noticed a merfolk impaler
  4501 | D        | Noticed a merfolk
  4502 | D        | Noticed a merfolk impaler
  4504 | D        | Killed a merfolk impaler
  4505 | D        | Killed a merfolk
  4507 | D        | Killed a merfolk impaler
  4507 | D        | Reached skill level 20 in Air Magic
  4526 | D        | Got a barnacled rune of Zot
  4593 | D        | Noticed Mennas
  4850 | D        | Demolished by Mennas

Vault maps used:
D:        linesprint

Action                   |  1- 3 |  4- 6 |  7- 9 | 10-12 | 13-15 | 16-18 || total
-------------------------+-------+-------+-------+-------+-------+-------++-------
Melee: Unarmed           |    14 |     9 |       |     1 |       |       ||    24
       Quarterstaff      |       |       |     2 |    11 |       |       ||    13
       Eveningstar       |       |       |       |     1 |    20 |    11 ||    32
 Cast: Shock             |     9 |     2 |       |       |     2 |       ||    13
       Lightning Bolt    |       |       |     5 |    86 |   110 |    22 ||   223
       Condensation Shie |       |       |       |    11 |    24 |     2 ||    37
       Repel Missiles    |       |       |       |     2 |       |       ||     2
       Ice Form          |       |       |       |     1 |     2 |     2 ||     5
       Iskenderun's Batt |       |       |       |       |    13 |       ||    13
       Static Discharge  |       |       |       |       |     5 |       ||     5
       Freezing Cloud    |       |       |       |       |    14 |     4 ||    18
       Chain Lightning   |       |       |       |       |    14 |     1 ||    15
       Orb of Destructio |       |       |       |       |     8 |     6 ||    14
 Abil: End Transformatio |       |       |       |       |     2 |     2 ||     4
Evoke: Wand              |       |     4 |     3 |     3 |       |       ||    10
       Staff of energy   |       |       |     3 |    84 |   156 |    25 ||   268
  Use: Potion            |     1 |     2 |     3 |     2 |     3 |     5 ||    16
       Scroll            |       |       |     1 |     9 |     3 |     1 ||    14
 Stab: Sleeping          |     1 |       |       |     2 |       |       ||     3
       Distracted        |       |       |       |     1 |       |       ||     1
  Eat: Chunk             |       |       |       |    10 |    13 |       ||    23
       Meat ration       |       |       |       |     1 |     1 |       ||     2
       Bread ration      |       |       |       |       |     2 |     2 ||     4
